PBL
NEW JERSEY DEVILS @ CANTON INDIANS
10/19/2045
 
TOP OF THE 1ST
Chicago (NYP) White Sox batting - Pitching for Vancouver Canadians : RHP Karl Matheson
Pitching: RHP Karl Matheson
Batting: RHB Felix Ibarra 0-0: Ball
1-0: Ball
2-0: Ground out 6-3 (Groundball, 6M, EV 105.0 MPH)
Batting: LHB Troy Rose 0-0: Ground out 6-3 (Groundball, 6, EV 88.1 MPH)
Batting: RHB Kyle Crespo 0-0: Called Strike
0-1: Ground out 6-3 (Groundball, 6, EV 85.0 MPH)
Top of the 1st over - 0 runs, 0 hits, 0 errors, 0 left on base; Chicago (NYP) 0 - Vancouver 0
BOTTOM OF THE 1ST
Vancouver Canadians batting - Pitching for Chicago (NYP) White Sox : RHP Wayne McAllister
Pitching: RHP Wayne McAllister
Batting: SHB Gio Turk 0-0: Hit by Pitch
Batting: RHB Dennis Daniels 0-0: Ball
1-0: Called Strike
1-1: Ball
2-1: Foul Ball, location: 2F
2-2: Fielders Choice at 2nd, 3-6 (Groundball, 34, EV 82.5 MPH)
Batting: LHB Jesus Prado 0-0: Called Strike
0-1: Foul Ball, location: 2F
0-2: Ball
1-2: Ball
Dennis Daniels steals 2nd base
2-2: Ball
3-2: Strikes out swinging
Batting: RHB Matt Wheaton 0-0: Swinging Strike
0-1: Ball
1-1: Ball
2-1: Ball
3-1: Swinging Strike
3-2: Foul Ball, location: 2F
3-2: Foul Ball, location: 2F
3-2: Strikes out looking
Bottom of the 1st over - 0 runs, 0 hits, 0 errors, 1 left on base; Chicago (NYP) 0 - Vancouver 0
TOP OF THE 2ND
Chicago (NYP) White Sox batting - Pitching for Vancouver Canadians : RHP Karl Matheson
Batting: LHB Preston Knaak 0-0: Ball
1-0: Ball
2-0: Called Strike
2-1: Ball
3-1: Called Strike
3-2: Ground out 5-3 (Groundball, 5, EV 86.3 MPH)
Batting: LHB Akira Yamano 0-0: Ball
1-0: Ball
2-0: Called Strike
2-1: Ball
3-1: Swinging Strike
3-2: Base on Balls
Batting: RHB Jose Herrera 0-0: Ball
1-0: Foul Ball, location: 2F
1-1: Ball
2-1: Ball
3-1: Fielders Choice at 2nd, 6-4 (Groundball, 56, EV 86.9 MPH)
Batting: RHB Bradley Standen 0-0: Ball
1-0: Ball
Jose Herrera steals 2nd, throwing error, E2
Jose Herrera to third
2-0: Called Strike
2-1: Ground out 6-3 (Groundball, 6, EV 95.6 MPH)
Top of the 2nd over - 0 runs, 0 hits, 1 error, 1 left on base; Chicago (NYP) 0 - Vancouver 0
BOTTOM OF THE 2ND
Vancouver Canadians batting - Pitching for Chicago (NYP) White Sox : RHP Wayne McAllister
Batting: SHB Max Meany 0-0: Called Strike
0-1: Foul Ball, location: 2F
0-2: Ball
1-2: Ball
2-2: Foul Ball, location: 2F
2-2: Ball
3-2: Fly out, F8 (Flyball, 78XD, EV 81.3 MPH)
Batting: RHB Mario Alfaro 0-0: Foul Ball, location: 2F
0-1: Ball
1-1: Foul Ball, location: 2F
1-2: Ball
2-2: Ball
3-2: Strikes out looking
Batting: RHB Colin Lord 0-0: Ground out 6-3 (Groundball, 6, EV 84.4 MPH)
Bottom of the 2nd over - 0 runs, 0 hits, 0 errors, 0 left on base; Chicago (NYP) 0 - Vancouver 0
TOP OF THE 3RD
Chicago (NYP) White Sox batting - Pitching for Vancouver Canadians : RHP Karl Matheson
Batting: LHB Humberto Herrada 0-0: Ball
1-0: Swinging Strike
1-1: Ball
2-1: Swinging Strike
2-2: Strikes out swinging
Batting: RHB Alex Rangel 0-0: Called Strike
0-1: Foul Ball, location: 2F
0-2: Strikes out looking
Batting: RHB Felix Ibarra 0-0: Foul Ball, location: 2F
0-1: Fly out, F1 (Line Drive, P, EV 61.3 MPH)
Top of the 3rd over - 0 runs, 0 hits, 0 errors, 0 left on base; Chicago (NYP) 0 - Vancouver 0
BOTTOM OF THE 3RD
Vancouver Canadians batting - Pitching for Chicago (NYP) White Sox : RHP Wayne McAllister
Batting: RHB David Gutierrez 0-0: Ball
1-0: Swinging Strike
1-1: Called Strike
1-2: Strikes out swinging
Batting: RHB Jorge Baret 0-0: Foul Ball, location: 2F
0-1: Ball
1-1: Reached via error on a dropped throw from 1B, E1 (Groundball, 34, EV 81.3 MPH)
Batting: SHB Gio Turk 0-0: Ball
1-0: Ball
2-0: Ball
3-0: Base on Balls
Jorge Baret to second
Batting: RHB Dennis Daniels 0-0: Ball
1-0: Called Strike
1-1: Called Strike
1-2: Fly out, F9 (Line Drive, 9D, EV 100.0 MPH)
Runner from 2nd tags up, SAFE at 3rd, no throw by RF
Batting: LHB Jesus Prado 0-0: Foul Ball, location: 2F
0-1: Ground out 4-3 (Groundball, 4, EV 103.1 MPH)
Bottom of the 3rd over - 0 runs, 0 hits, 1 error, 2 left on base; Chicago (NYP) 0 - Vancouver 0
TOP OF THE 4TH
Chicago (NYP) White Sox batting - Pitching for Vancouver Canadians : RHP Karl Matheson
Batting: LHB Troy Rose 0-0: Called Strike
0-1: Fly out, F9 (Flyball, 9, EV 86.9 MPH)
Batting: RHB Kyle Crespo 0-0: Ground out 1-3 (Groundball, 13S, EV 63.8 MPH)
Batting: LHB Preston Knaak 0-0: Ball
1-0: SINGLE (Groundball, 6D, EV 111.3 MPH)
Batting: LHB Akira Yamano 0-0: Ball
1-0: Called Strike
1-1: Ground out 4-3 (Groundball, 34D, EV 103.8 MPH)
Top of the 4th over - 0 runs, 1 hit, 0 errors, 1 left on base; Chicago (NYP) 0 - Vancouver 0
BOTTOM OF THE 4TH
Vancouver Canadians batting - Pitching for Chicago (NYP) White Sox : RHP Wayne McAllister
Batting: RHB Matt Wheaton 0-0: Ball
1-0: Hit by Pitch
Batting: SHB Max Meany 0-0: Ball
1-0: Ball
Wild Pitch!
Matt Wheaton to second
2-0: Foul Ball, location: 2F
2-1: Ball
3-1: Base on Balls
Batting: RHB Mario Alfaro 0-0: Ball
Matt Wheaton steals 3rd base
Max Meany to second
1-0: Ground out 6-3 (Groundball, 6MS, EV 71.3 MPH)
Matt Wheaton scores
Max Meany to third
Batting: RHB Colin Lord 0-0: Called Strike
0-1: Foul Ball, location: 2F
0-2: Ball
1-2: Ball
Wild Pitch!
Max Meany scores
2-2: Foul Ball, location: 2F
2-2: Foul Ball, location: 2F
2-2: Ball
3-2: Foul Ball, location: 2F
3-2: Foul Ball, location: 2F
3-2: Ground out U3 (Groundball, 34, EV 81.9 MPH)
Batting: RHB David Gutierrez 0-0: Ball
1-0: Ball
2-0: Foul Ball, location: 2F
2-1: Foul Ball, location: 2F
2-2: Strikes out swinging
Bottom of the 4th over - 2 runs, 0 hits, 0 errors, 0 left on base; Chicago (NYP) 0 - Vancouver 2
TOP OF THE 5TH
Chicago (NYP) White Sox batting - Pitching for Vancouver Canadians : RHP Karl Matheson
Batting: RHB Jose Herrera 0-0: Ball
1-0: Called Strike
1-1: Ball
2-1: Foul Ball, location: 2F
2-2: Ball
3-2: Fly out, F8 (Flyball, 8RS, EV 91.9 MPH)
Batting: RHB Bradley Standen 0-0: Ball
1-0: Ball
2-0: Called Strike
2-1: Foul Ball, location: 2F
2-2: Ground out 1-3 (Groundball, 13, EV 68.1 MPH)
Batting: LHB Humberto Herrada 0-0: Called Strike
0-1: Ball
1-1: Foul Ball, location: 2F
1-2: Foul Ball, location: 2F
1-2: Foul Ball, location: 2F
1-2: Foul Ball, location: 2F
1-2: Ball
2-2: Foul Ball, location: 2F
2-2: Ground out 5-3 (Groundball, 56, EV 104.4 MPH)
Top of the 5th over - 0 runs, 0 hits, 0 errors, 0 left on base; Chicago (NYP) 0 - Vancouver 2
BOTTOM OF THE 5TH
Vancouver Canadians batting - Pitching for Chicago (NYP) White Sox : RHP Wayne McAllister
Pitching: RHP Jim Turpen
Batting: RHB Jorge Baret 0-0: Ball
1-0: DOUBLE (Line Drive, 3D, EV 103.1 MPH)
Batting: SHB Gio Turk 0-0: Ball
1-0: Foul Ball, location: 2F
1-1: Foul Ball, location: 2F
1-2: SINGLE (Groundball, 4MS, EV 70.0 MPH) (infield hit)
Jorge Baret to third
Batting: RHB Dennis Daniels 0-0: Foul Ball, location: 2F
0-1: Ball
Gio Turk steals 2nd base
1-1: Fly out, F9 (Flyball, 9D, EV 89.4 MPH)
Runner from 3rd tags up, SCORES, no throw by RF
Gio Turk to third
Batting: LHB Jesus Prado 0-0: Ball
1-0: Foul Ball, location: 2F
1-1: Ball
2-1: Ball
3-1: Base on Balls
Batting: RHB Matt Wheaton 0-0: Ball
1-0: Swinging Strike
1-1: Ball
Jesus Prado steals 2nd base
2-1: Swinging Strike
2-2: Ball
3-2: Foul Ball, location: 2F
3-2: Foul Ball, location: 2F
3-2: Ground out 5-3 (Groundball, 56, EV 86.3 MPH)
Gio Turk scores
Batting: SHB Max Meany 0-0: Ball
1-0: Ball
2-0: Called Strike
2-1: Foul Ball, location: 2F
2-2: Ball
3-2: Base on Balls
Batting: RHB Mario Alfaro 0-0: Foul Ball, location: 2F
0-1: Ball
1-1: Called Strike
1-2: Ball
2-2: Ball
3-2: Base on Balls
Jesus Prado to third
Max Meany to second
Batting: RHB Colin Lord 0-0: Ball
1-0: Called Strike
1-1: Ball
2-1: SINGLE (Groundball, P, EV 84.4 MPH) (infield hit)
Jesus Prado scores
Max Meany to third
Mario Alfaro to second
Pitching: RHP Elvis Diaz
Batting: RHB David Gutierrez 0-0: Foul Ball, location: 2F
0-1: Foul Ball, location: 2F
0-2: Ball
Wild Pitch!
Max Meany scores
Mario Alfaro to third
Colin Lord to second
1-2: Strikes out swinging
Bottom of the 5th over - 4 runs, 3 hits, 0 errors, 2 left on base; Chicago (NYP) 0 - Vancouver 6
TOP OF THE 6TH
Chicago (NYP) White Sox batting - Pitching for Vancouver Canadians : RHP Karl Matheson
Batting: RHB Alex Rangel 0-0: Swinging Strike
0-1: Ball
1-1: Foul Ball, location: 2F
1-2: Ball
2-2: Ball
3-2: Ground out 3-1 (Groundball, 34, EV 86.3 MPH)
Batting: RHB Felix Ibarra 0-0: Ball
1-0: Ball
2-0: Called Strike
2-1: Ball
3-1: Ground out 6-3 (Groundball, 6M, EV 82.5 MPH)
Batting: LHB Troy Rose 0-0: Foul Ball, location: 2F
0-1: Ball
1-1: Foul Ball, location: 2F
1-2: Foul Ball, location: 2F
1-2: Foul Ball, location: 2F
1-2: Ball
2-2: Foul Ball, location: 2F
2-2: Ball
3-2: Ground out 3-1 (Groundball, 34S, EV 80.6 MPH)
Top of the 6th over - 0 runs, 0 hits, 0 errors, 0 left on base; Chicago (NYP) 0 - Vancouver 6
BOTTOM OF THE 6TH
Vancouver Canadians batting - Pitching for Chicago (NYP) White Sox : RHP Elvis Diaz
Batting: RHB Jorge Baret 0-0: Ball
1-0: DOUBLE (Flyball, 8LD, EV 83.8 MPH)
Batting: SHB Gio Turk 0-0: Called Strike
0-1: Ball
1-1: Ball
2-1: Foul Ball, location: 2F
2-2: Foul Ball, location: 2F
2-2: Ball
3-2: Ground out 6-3 (Groundball, 6, EV 88.1 MPH)
Jorge Baret to third
Batting: RHB Dennis Daniels 0-0: Swinging Strike
0-1: Ball
1-1: Ball
2-1: Ball
3-1: Called Strike
3-2: Foul Ball, location: 2F
3-2: SINGLE (Groundball, 34D, EV 96.9 MPH)
Jorge Baret scores
Batting: LHB Jesus Prado 0-0: Ball
1-0: Called Strike
1-1: Ball
2-1: Foul Ball, location: 2F
2-2: Strikes out swinging
Batting: RHB Matt Wheaton 0-0: Called Strike
0-1: Called Strike
Dennis Daniels steals 2nd base
0-2: Foul Ball, location: 2F
0-2: Ground out 4-3 (Groundball, 4, EV 80.6 MPH)
Bottom of the 6th over - 1 run, 2 hits, 0 errors, 1 left on base; Chicago (NYP) 0 - Vancouver 7
TOP OF THE 7TH
Chicago (NYP) White Sox batting - Pitching for Vancouver Canadians : RHP Karl Matheson
Batting: RHB Kyle Crespo 0-0: Ball
1-0: Ball
2-0: Ground out 6-3 (Groundball, 6M, EV 83.8 MPH)
Batting: LHB Preston Knaak 0-0: Ball
1-0: Foul Ball, location: 2F
1-1: Called Strike
1-2: Strikes out looking
Batting: LHB Akira Yamano 0-0: Swinging Strike
0-1: Ball
1-1: Foul Ball, location: 2F
1-2: Foul Ball, location: 2F
1-2: DOUBLE (Flyball, 89D, EV 101.3 MPH)
Batting: RHB Jose Herrera 0-0: Foul Ball, location: 2F
0-1: Ball
1-1: Swinging Strike
1-2: Ball
2-2: Ball
3-2: Fly out, F8 (Flyball, 78S, EV 75.6 MPH)
Top of the 7th over - 0 runs, 1 hit, 0 errors, 1 left on base; Chicago (NYP) 0 - Vancouver 7
BOTTOM OF THE 7TH
Vancouver Canadians batting - Pitching for Chicago (NYP) White Sox : RHP Elvis Diaz
Batting: SHB Max Meany 0-0: Ball
1-0: Ball
2-0: TRIPLE (Flyball, 78XD, EV 95.6 MPH)
Pitching: LHP Ricardo Chacon
Batting: RHB Mario Alfaro 0-0: Ball
1-0: Fly out, F9 (Flyball, 89XD, EV 88.1 MPH)
Runner from 3rd tags up, SCORES, no throw by RF
Batting: RHB Colin Lord 0-0: Called Strike
0-1: Ground out 1-3 (Groundball, 15S, EV 66.9 MPH)
Batting: RHB David Gutierrez 0-0: Ground out 6-3 (Groundball, 6, EV 106.9 MPH)
Bottom of the 7th over - 1 run, 1 hit, 0 errors, 0 left on base; Chicago (NYP) 0 - Vancouver 8
TOP OF THE 8TH
Chicago (NYP) White Sox batting - Pitching for Vancouver Canadians : RHP Karl Matheson
Now at SS: Jose Garza
Batting: RHB Bradley Standen 0-0: Foul Ball, location: 2F
0-1: Called Strike
0-2: Ground out U3 (Groundball, 34, EV 110.6 MPH)
Batting: LHB Humberto Herrada 0-0: Foul Ball, location: 2F
0-1: Ball
1-1: Swinging Strike
1-2: Hit by Pitch
Batting: RHB Alex Rangel 0-0: Fielders Choice at 2nd, 6-4 (Groundball, 56, EV 103.8 MPH)
Batting: RHB Felix Ibarra 0-0: Ground out U3 (Groundball, 34S, EV 84.4 MPH)
Top of the 8th over - 0 runs, 0 hits, 0 errors, 1 left on base; Chicago (NYP) 0 - Vancouver 8
BOTTOM OF THE 8TH
Vancouver Canadians batting - Pitching for Chicago (NYP) White Sox : LHP Ricardo Chacon
Batting: RHB Jorge Baret 0-0: Foul Ball, location: 2F
0-1: SINGLE (Groundball, 6MD, EV 94.4 MPH)
Batting: SHB Gio Turk 0-0: Foul Ball, location: 2F
0-1: Ball
1-1: Foul Ball, location: 2F
1-2: Foul Ball, location: 2F
1-2: Ball
2-2: Foul Ball, location: 2F
2-2: Foul Ball, location: 2F
2-2: SINGLE (Groundball, 6MD, EV 94.4 MPH)
Jorge Baret to second
Batting: RHB Dennis Daniels 0-0: Foul Ball, location: 2F
0-1: Ball
1-1: Ball
2-1: Foul Ball, location: 2F
2-2: Fielders Choice at 2nd, 6-4 (Groundball, 56D, EV 84.4 MPH)
Jorge Baret to third
Batting: LHB Jesus Prado 0-0: Grounds into double play, 5-4-3 (Groundball, 56S, EV 89.4 MPH)
Bottom of the 8th over - 0 runs, 2 hits, 0 errors, 1 left on base; Chicago (NYP) 0 - Vancouver 8
TOP OF THE 9TH
Chicago (NYP) White Sox batting - Pitching for Vancouver Canadians : RHP Karl Matheson
Now at 1B: Dave Contreras
Now at SS: Jose Amparan
Batting: LHB Troy Rose 0-0: Ball
1-0: Ground out 1-3 (Groundball, 13S, EV 66.9 MPH)
Batting: RHB Kyle Crespo 0-0: Ground out 5-3 (Groundball, 56, EV 94.4 MPH)
Batting: LHB Preston Knaak 0-0: Ball
1-0: Foul Ball, location: 2F
1-1: Ground out 6-3 (Groundball, 6, EV 95.6 MPH)
Top of the 9th over - 0 runs, 0 hits, 0 errors, 0 left on base; Chicago (NYP) 0 - Vancouver 8
Wednesday, June 22nd , 2022 - OOTP Baseball 23.4 Build 64